AoeStats
← sergioguarin19

Arabia

509534313Analyzed
2v2 RM · 5d ago on Sep 27, 2026· 27m 56s· 4 players
Game mode
Random Map
Map size
Medium (4 player)
Population
200
Speed
Normal
Resources
Standard
Victory
Conquest
Starting age
Dark Age
Ending age
Imperial Age
RankedLock teamsTeams togetherTeam positionsShared explorationLock speedFull tech treeHidden civsTurbo modeCheats
Victory
Defeat
🇦🇷 Sicilians · Argentina
1103
+13
🇲🇽 Vietnamese · Mexico
1071
+14
🇨🇴 Malay · Colombia
1072
-15
🇨🇴 Aztecs · Colombia
1000
-12
inmortand_joe
3:11 Loom
18:02 Feudal Age
20:37 Town Watch
22:57 Wheelbarrow
28:06 Castle Age
mbuenrostro56
5:02 Loom
11:22 Feudal Age
14:36 Double-Bit Axe
17:03 Horse Collar
19:03 Fletching
19:32 Padded Archer Armor
21:15 Gold Mining
24:22 Castle Age
22:50 Stone Mining
24:23 Wheelbarrow
24:28 Crossbowman
25:08 Bodkin Arrow
27:46 Thumb Ring
sergioguarin19
4:55 Loom
19:51 Feudal Age
19:43 Double-Bit Axe
19:41 Horse Collar
25:00 Castle Age
cristianalarconcalderon
8:21 Loom
11:20 Feudal Age
11:57 Double-Bit Axe
14:36 Arson
18:29 Wheelbarrow
Connection lost

Rejoining the realm…

Still unreachable

The connection could not be restored.

Session expired

The server has moved on; the page needs a fresh start.